Map: Echo LE (Void)

Players

IIIIIIIII

  • Race: Terran Terran
  • League: Grandmaster
  • Spawn Location: 11:00

MythiC - Winner!

  • Race: Terran Terran
  • Spawn Location: 5:00

VOD

Have the link to the VOD?

Description

Time

  • Played on: Dec. 3, 2016, 10:03 a.m.
  • Length: 10:49
Show
View Real Time Build Order
Export as new Build Order

IIIIIIIII Terran 

Build Orders: Reaper Expand 

Get SALT Encoding   

  12  0:00  SCV  
  13  0:13  SCV  
  14  0:17  Supply Depot  
  14  0:25  SCV  
  15  0:39  SCV  
  15  0:40  Barracks  
  16  0:44  Refinery  
  16  0:51  SCV  
  17  1:03  SCV  
  18  1:15  SCV  
  19  1:30  Orbital Command, Reaper  
  20  1:43  Command Center  
  20  1:56  SCV  
  20  1:57  Refinery  
  21  2:01  Supply Depot  
  21  2:04  Reaper  
  22  2:08  SCV  
  23  2:21  Factory  
  23  2:23  SCV  
  23  2:41  Barracks Reactor  
  23  2:42  SCV  
  23  2:54  SCV  
  24  3:04  Orbital Command  
  24  3:06  Starport  
  24  3:07  Factory Tech Lab  
  24  3:10  SCV  
  25  3:18  Marine x2  
  27  3:22  SCV  
  28  3:31  Factory Tech Lab, SCV  
  29  3:35  SCV  
  29  3:38  Marine x2  
  29  3:39  Bunker  
  32  3:43  SCV  
  32  3:47  SCV  
  34  3:51  Raven  
  34  3:55  SCV  
  37  4:00  SCV  
  38  4:03  Siege Tank, Marine x2  
  38  4:07  Supply Depot, SCV  
  44  4:10  Supply Depot  
  44  4:12  SCV  
  45  4:19  SCV  
  45  4:23  Refinery  
  46  4:28  SCV  
  46  4:29  Supply Depot  
  47  4:33  SCV  
  48  4:42  SCV  
  49  4:46  Command Center  
  49  4:47  Viking  
  49  4:48  Viking  
  49  4:50  SCV  
  53  4:54  SCV  
  53  4:57  Supply Depot  
  54  5:01  Stimpack, Marine  
  54  5:03  SCV  
  54  5:06  SCV  
  57  5:12  Engineering Bay  
  57  5:15  Engineering Bay, SCV  
  57  5:17  Viking  
  57  5:18  SCV  
  61  5:21  Viking  
  61  5:26  Marine  
  61  5:27  SCV  
  65  5:31  SCV  
  65  5:32  Siege Tank  
  69  5:39  Terran Infantry Weapons Level 1, Supply Depot  
  69  5:40  SCV  
  70  5:45  SCV  
  70  5:49  Terran Infantry Armor Level 1  
  71  5:52  SCV  
  72  5:57  Refinery  
  72  6:01  Barracks  
  72  6:02  Orbital Command  
  72  6:04  Barracks, Viking  
  72  6:06  SCV  
  72  6:09  Viking  
  72  6:10  SCV  
  79  6:18  SCV  
  79  6:26  Orbital Command  
  79  6:28  Barracks  
  79  6:30  Barracks x2  
  79  6:34  Viking  
  79  6:39  Viking  
  83  6:40  SCV x2  
  83  6:43  Armory  
  85  6:51  Barracks Reactor  
  85  6:52  SCV  
  85  6:54  Barracks Reactor  
  86  6:56  SCV x2  
  86  6:59  Refinery x2  
  88  7:04  Viking, SCV  
  88  7:08  SCV x2  
  93  7:10  Marauder  
  93  7:13  Siege Tank  
  98  7:16  SCV  
  98  7:20  SCV x2  
  101  7:25  Barracks Reactor x2  
  101  7:35  SCV x2, Supply Depot, Marine x3  
  101  7:36  Supply Depot x3  
  108  7:53  Marine  
  108  7:55  Medivac  
  108  7:56  Terran Infantry Weapons Level 2  
  108  7:57  Medivac  
  108  7:58  SCV x2  
  113  8:00  Marine x2  
  113  8:01  Marine  
  113  8:02  Marine x4  
  113  8:03  Marine  
  113  8:04  Barracks Tech Lab, Command Center  
  121  8:11  Marauder  
  121  8:12  Terran Vehicle Weapons Level 1  
  123  8:13  SCV  
  123  8:14  SCV  
  125  8:20  SCV  
  125  8:22  Supply Depot x2  
  125  8:23  Terran Infantry Armor Level 2  
  125  8:24  Marauder  
  125  8:25  Marine  
  129  8:33  Marauder  
  131  8:37  Barracks Tech Lab  
  131  8:39  Marine x2, Barracks Tech Lab  
  131  8:40  Marine  
  134  8:42  SCV x3  
  134  8:45  Marauder  
  133  8:54  Marauder  
  135  8:56  SCV x3  
  135  8:58  Medivac  
  135  8:59  Marine x4, Medivac, Marauder  
  135  9:00  Marauder  
  148  9:07  Marauder  
  148  9:15  Marauder  
  147  9:17  Marine  
  147  9:19  Marine  
  147  9:21  Marauder x2  
  147  9:22  Marine x2  
  155  9:28  Marauder  
  155  9:35  Marine  
  155  9:36  Medivac  
  155  9:37  Medivac, Marauder  
  160  9:42  Marauder x2  
  160  9:43  Marine x2  
  160  9:44  Marine  
  163  9:48  Missile Turret  
  163  9:49  Marauder  
  163  9:53  Marine  
  163  9:58  Planetary Fortress, Marauder  
  166  10:01  Marine x2  
  166  10:02  Marine  
  166  10:03  Marauder  
  171  10:11  Marine  
  171  10:18  Marine  
  172  10:24  Supply Depot x2  
  172  10:25  Supply Depot  
  172  10:27  Marine x2, Marauder x3  
Show
View Real Time Build Order
Export as new Build Order

MythiC Terran - Winner!

Build Orders: Reaper Expand, Mech 

Get SALT Encoding   

  12  0:00  SCV  
  13  0:13  SCV  
  14  0:17  Supply Depot  
  14  0:25  SCV  
  14  0:27  Refinery  
  15  0:38  SCV  
  16  0:44  Barracks  
  16  0:50  SCV  
  17  0:58  Refinery  
  17  1:02  SCV  
  18  1:14  SCV  
  19  1:31  Orbital Command  
  19  1:32  Reaper  
  20  1:44  Command Center  
  20  1:55  Factory  
  20  2:05  SCV  
  20  2:06  Barracks Reactor  
  21  2:17  SCV  
  21  2:18  Supply Depot  
  21  2:19  Refinery  
  22  2:29  SCV  
  23  2:41  SCV  
  24  2:46  Starport  
  24  2:49  Hellion x2  
  28  2:53  SCV  
  29  3:00  Orbital Command  
  30  3:05  SCV  
  30  3:10  Hellion  
  30  3:12  Cyclone  
  35  3:19  SCV  
  36  3:21  Supply Depot  
  36  3:26  SCV  
  37  3:31  Viking, SCV  
  37  3:32  Barracks Tech Lab  
  40  3:38  SCV  
  41  3:43  Hellion, SCV  
  41  3:45  Hellion  
  46  3:50  SCV  
  46  3:51  Engineering Bay  
  46  3:55  SCV  
  47  4:02  SCV  
  47  4:05  Hellion  
  47  4:06  Hellion  
  47  4:07  SCV  
  47  4:08  Supply Depot  
  53  4:15  SCV  
  54  4:20  Supply Depot  
  54  4:28  Missile Turret x2  
  54  4:29  SCV, Raven  
  57  4:36  SCV  
  58  4:42  SCV  
  59  4:46  Hellion x2, Supply Depot  
  59  4:48  SCV  
  64  4:53  Barracks Reactor  
  64  4:54  SCV  
  64  4:56  Factory  
  65  5:00  SCV  
  65  5:06  SCV  
  67  5:08  Hellion x2, Supply Depot  
  67  5:12  SCV  
  72  5:17  Supply Depot  
  72  5:20  Command Center  
  72  5:22  SCV  
  72  5:26  SCV  
  74  5:31  Hellion  
  74  5:32  Refinery  
  74  5:33  Refinery  
  74  5:34  Viking  
  78  5:38  Viking  
  78  5:40  SCV x2  
  82  5:49  Hellion  
  84  5:54  SCV x2  
  86  5:59  Siege Tank  
  86  6:01  Infernal Pre-Igniter, Armory  
  91  6:09  Widow Mine x2  
  94  6:11  SCV  
  94  6:16  Supply Depot x2  
  94  6:30  Supply Depot  
  94  6:32  Viking x2, Siege Tank, SCV  
  102  6:33  Orbital Command  
  102  6:37  SCV  
  103  6:42  Missile Turret  
  103  6:47  Missile Turret  
  103  6:48  Missile Turret  
  103  6:49  Refinery x2  
  103  6:54  Missile Turret  
  105  6:57  SCV x2  
  107  7:02  Orbital Command  
  107  7:07  Siege Tank  
  112  7:11  Viking x2  
  112  7:13  SCV x2  
  114  7:25  SCV x2  
  116  7:30  Hellion x2  
  116  7:33  SCV  
  116  7:35  Factory  
  121  7:37  SCV x2  
  121  7:42  Viking  
  125  7:45  SCV  
  125  7:49  SCV x2  
  128  7:54  Viking  
  128  7:57  SCV  
  131  8:01  SCV  
  131  8:02  SCV  
  131  8:07  Supply Depot  
  131  8:08  Supply Depot  
  131  8:09  Hellion  
  131  8:11  Supply Depot  
  133  8:14  Supply Depot  
  133  8:17  Hellion, SCV  
  136  8:21  Viking  
  136  8:22  Factory Tech Lab  
  136  8:26  Terran Vehicle And Ship Armor Level 1, Thor  
  144  8:29  Armory  
  144  8:33  Hellion  
  146  8:34  SCV  
  146  8:35  SCV  
  146  8:36  Viking  
  146  8:37  SCV  
  151  8:43  Siege Tank  
  151  8:44  Hellion  
  151  8:46  SCV  
  151  8:47  SCV  
  158  8:50  SCV  
  158  8:51  Viking  
  155  9:06  Medivac  
  153  9:18  Liberator  
  153  9:19  Siege Tank  
  153  9:21  Medivac  
  158  9:25  Factory, Siege Tank  
  158  9:26  Factory, Hellion x2  
  158  9:30  Command Center  
  165  9:34  Liberator  
  166  9:49  Hellion x2  
  166  9:51  Hellion  
  175  9:57  Siege Tank  
  178  10:08  SCV x2  
  178  10:13  Factory Tech Lab, Factory Reactor  
Tags
 
Composition
Mech
Matchup
TvT
Race
Terran
Spawn Locations
Cross Positions
Add a new tag
Caveats
  • Supply blocks, unpowered buildings, or Contaminate may cause inaccurate times.
  • Supply counts are checked every 10 seconds.